 Dungeon Crawl Stone Soup version 0.20-a0-2-g2b0e13a (webtiles) character file.

10642 tsouns the Slicer (level 11, -2/68 (69) HPs)
             Began as a Kobold Assassin on Oct 29, 2016.
             Was an Elder of Makhleb.
             Slain by a komodo dragon (23 damage)
             ... on level 2 of the Lair of Beasts.
             The game lasted 00:45:15 (11749 turns).

tsouns the Slicer (Kobold Assassin)                Turns: 11749, Time: 00:45:15

HP:   -2/68 (69)    AC: 10    Str: 12    XL:     11   Next: 96%
MP:   0/20          EV: 20    Int: 12    God:    Makhleb [****..]
Gold: 310           SH:  0    Dex: 19    Spells: 1 memorised, 19 levels left

rFire  . . .     SeeInvis .     K - +3 dagger (elec)
rCold  . . .     Gourm    .     O - +2 leather armour {rPois}
rNeg   . . .     Faith    .     (shield restricted)
rPois  +         Spirit   +     (no helmet)
rElec  .         Reflect  .     h - +0 cloak
rCorr  .         Harm     .     (no gloves)
MR     .....                    v - +2 pair of boots
Stlth  ++++......               y - amulet of guardian spirit
                                j - +1 ring of protection
                                x - +4 ring of slaying

@: no status effects
A: carnivore 3, strong 1
a: Minor Destruction, Lesser Servant of Makhleb, Major Destruction, Renounce
Religion


You were on level 2 of the Lair of Beasts.
You worshipped Makhleb.
Makhleb was greatly pleased with you.
You were very full.

You visited 3 branches of the dungeon, and saw 13 of its levels.

You collected 647 gold pieces.
You spent 337 gold pieces at shops.

Inventory:

Hand Weapons
 a - a +2 dagger
 b - a +0 blowgun
 k - a +0 short sword of speed
 p - a +2 dagger of venom
 K - a +3 dagger of electrocution (weapon)
Missiles
 e - 47 poisoned needles
 f - 2 curare-tipped needles
 l - 447 stones (quivered)
 q - 6 tomahawks
Armour
 h - a +0 cloak (worn)
 v - a +2 pair of boots (worn)
 O - a +2 leather armour of poison resistance (worn)
Rods
 c - a +0 rod of clouds (10/10)
   (You found it on level 8 of the Dungeon)
Jewellery
 j - a +1 ring of protection (right hand)
 s - an uncursed ring of protection from fire
 x - a +4 ring of slaying (left hand)
 y - an amulet of guardian spirit (around neck)
Wands
 d - a wand of flame (26/48)
 t - a wand of iceblast (0/15)
 A - a wand of digging (6/24)
 F - a wand of random effects (32/48)
 J - a wand of flame (9/48)
 M - a wand of slowing (5/48)
Scrolls
 i - 9 scrolls of remove curse
 u - 2 scrolls of fear
 w - a scroll of fog
 C - 3 scrolls of identify
 E - 2 scrolls of recharging
Potions
 m - a potion of flight
 n - 6 potions of curing
 o - 2 potions of ambrosia
 r - a potion of cancellation
 z - 2 potions of resistance
 D - 2 potions of heal wounds
 G - a potion of agility
 H - 3 potions of lignification
 I - a potion of brilliance
 L - a potion of haste
Comestibles
 g - 6 meat rations
 B - 2 beef jerkies
 N - a royal jelly
 P - 4 chunks of flesh


   Skills:
 + Level 8.4 Fighting
 - Level 11.0 Short Blades
 - Level 5.1 Throwing
 + Level 4.2 Armour
 + Level 7.2 Dodging
 - Level 10.0 Stealth
 + Level 6.4 Spellcasting
 + Level 6.6 Hexes


You had 19 spell levels left.
You knew the following spells:

 Your Spells              Type           Power        Failure   Level  Hunger
a - Confuse               Hex            ###.....     6%          3    ###....


Dungeon Overview and Level Annotations

Branches:
Dungeon (10/15)            Temple (1/1) D:6            Lair (2/6) D:9
  Swamp: Lair:2-4    Shoals: Lair:2-4     Snake: Lair:2-4    Spider: Lair:2-4
    Orc: D:9-12

Altars:
Ashenzari
Cheibriados
Dithmenos
Elyvilon
Fedhas
Gozag
Hepliaklqana
Kikubaaqudgha
Makhleb
Nemelex Xobeh
Okawaru
Qazlal
Ru
Sif Muna
Trog
Uskayaw
Vehumet
Xom
Yredelemnul
Zin
The Shining One

Shops:
D:4 [   D:5 !   D:8 %???!   D:9 %(   D:10 (

Annotations:
D:6 removeelyvilon's ghost, novice DrTm


Innate Abilities, Weirdness & Mutations

You are small and have problems with some larger weapons.
You are carnivorous and can eat meat at any time.
Your muscles are strong. (Str +2)


Message History

The blink frog barely misses you. The blink frog misses you.
Casting: Confuse
Confirm with . or Enter, or press ? or * to list all spells.
Aiming: Confuse
Press: ? - help, Shift-Dir - straight line, f - blink frog
Aim: a blink frog (chance to defeat MR: 32%)
The blink frog easily resists.
The blink frog closely misses you. The blink frog completely misses you.
The blink frog blinks!
The blink frog blinks!
There is an open gate here.
You puncture the blink frog!
There is a sudden explosion of sparks!
The blink frog is almost dead.
The blink frog hits you! The blink frog hits you.
The blink frog blinks!
There is a stone staircase leading up here.
The blink frog blinks!
The komodo dragon bites you!!
You die...

..§P†..F.♣ #.###....♣
...##..F♣♣♣♣♣♣♣♣♣♣♣♣♣♣♣
#F##....♣ ♣...........♣
#.#.#.F.♣ ♣...§.......♣
#.##..†S♣♣♣.§##'''##..♣
#.##...F.♣♣..#⌠FF.⌠#..♣
§.###........#.Sl..#..♣
...†##....F..#..@..#..♣
.....##......#.....#..♣
.F##.....♣♣..#######..♣
...#..#.♣♣♣.^.........♣
..F#....♣ ♣...........♣
...#....♣ ♣♣♣♣♣♣♣♣♣♣♣♣♣
...#..#..♣ ..#.......♣
..........#


You could see a komodo dragon, 2 blink frogs and a water moccasin.

Vanquished Creatures
  A hill giant (D:10)
  2 spiny frogs (Lair:1)
  4 komodo dragons
  A blink frog (Lair:2)
  A hippogriff (Lair:1)
  A wraith (D:5)
  A wyvern (D:9)
  6 yaks (D:10)
  2 steam dragons (D:9)
  A hungry ghost (D:10)
  4 water moccasins
  4 porcupines
  4 orc warriors
  4 ice beasts
  2 sky beasts
  An eye of draining (D:10)
  A black bear (D:5)
  4 centaurs
  A phantom (D:4)
  2 necrophages (D:9)
  4 ogres
  3 crocodiles
  A big kobold (D:9)
  9 bullfrogs
  3 scorpions
  10 wights
  An electric eel (D:9)
  6 howler monkeys
  6 crimson imps
  A bullfrog zombie (D:9)
  9 orc priests
  2 hounds
  3 jellies
  A bullfrog skeleton (D:6)
  3 centaur skeletons
  12 orc wizards
  7 iguanas
  Ijyb (D:4)
  7 worker ants
  A worker ant zombie (D:9)
  A howler monkey zombie (D:5)
  13 adders
  2 shadow imps
  An ooze (D:7)
  An adder zombie (D:9)
  2 adder skeletons (D:9)
  A worm (D:4)
  2 dart slugs
  2 leopard geckos
  70 orcs
  4 giant cockroaches
  13 goblins
  11 hobgoblins
  14 jackals
  5 quokkas
  A ball python (D:2)
  8 bats
  3 frilled lizards
  2 jackal skeletons (D:4)
  10 kobolds
  A leopard gecko skeleton (D:4)
  A leopard gecko zombie (D:8)
  A quokka skeleton (D:5)
  A quokka zombie (D:6)
  8 rats
315 creatures vanquished.

Vanquished Creatures (others)
  2 fungi
2 creatures vanquished.

Grand Total: 317 creatures vanquished

Notes
Turn   | Place    | Note
-------+----------+-------------------------------------------
     0 | D:1      | tsouns the Kobold Assassin began the quest for the Orb.
     0 | D:1      | Reached XP level 1. HP: 12/12 MP: 1/1
   162 | D:1      | Reached XP level 2. HP: 11/17 MP: 2/2
   842 | D:1      | Reached XP level 3. HP: 5/21 MP: 3/3
  1152 | D:1      | Reached skill level 3 in Short Blades
  1398 | D:2      | Reached XP level 4. HP: 20/27 MP: 4/4
  2697 | D:3      | Reached XP level 5. HP: 20/31 MP: 5/5
  2942 | D:3      | Reached skill level 4 in Short Blades
  3005 | D:3      | Reached XP level 6. HP: 22/36 MP: 6/6
  3774 | D:4      | Noticed a phantom
  4098 | D:4      | Killed a phantom
  4098 | D:4      | Reached XP level 7. HP: 27/41 MP: 7/7
  4350 | D:4      | Noticed Ijyb
  4368 | D:4      | Killed Ijyb
  4432 | D:4      | Found Cyschepp's Antique Armour Boutique.
  4470 | D:4      | Reached skill level 1 in Armour
  4956 | D:4      | Reached skill level 5 in Short Blades
  5093 | D:5      | Entered Level 5 of the Dungeon
  5129 | D:5      | Reached XP level 8. HP: 48/48 MP: 8/8
  5136 | D:5      | Found Weujesch's Distillery.
  5142 | D:5      | Bought a potion of curing for 33 gold pieces
  5142 | D:5      | Bought a potion of degeneration for 11 gold pieces
  5142 | D:5      | Bought a potion of might for 44 gold pieces
  5142 | D:5      | Bought a potion of agility for 44 gold pieces
  5142 | D:5      | Bought a potion of lignification for 33 gold pieces
  5142 | D:5      | Bought a potion of brilliance for 44 gold pieces
  5269 | D:5      | Reached skill level 5 in Dodging
  5529 | D:5      | Gained mutation: Armour fits poorly on your strangely shaped body. [potion of mutation]
  5529 | D:5      | Gained mutation: You are agile. (Dex +2) [potion of mutation]
  5529 | D:5      | Gained mutation: You are very agile. (Dex +4) [potion of mutation]
  5627 | D:5      | Reached skill level 5 in Throwing
  5654 | D:6      | Noticed a wraith
  5683 | D:5      | Killed a wraith
  5683 | D:5      | Reached skill level 6 in Short Blades
  5983 | D:6      | Gained mutation: Your muscles are strong. (Str +2) [potion of mutation]
  5983 | D:6      | Gained mutation: Your body sometimes deteriorates upon taking damage. [potion of mutation]
  5984 | D:6      | Lost mutation: You are very agile. (Dex +4) [potion of cure mutation]
  5984 | D:6      | Lost mutation: You are agile. (Dex +2) [potion of cure mutation]
  5984 | D:6      | Lost mutation: Armour fits poorly on your strangely shaped body. [potion of cure mutation]
  5984 | D:6      | Lost mutation: Your body sometimes deteriorates upon taking damage. [potion of cure mutation]
  6025 | D:5      | Reached skill level 5 in Fighting
  6025 | D:5      | Reached XP level 9. HP: 46/54 MP: 7/9
  6219 | D:6      | Found a staircase to the Ecumenical Temple.
  6269 | Temple   | Entered the Ecumenical Temple
  6566 | Temple   | Became a worshipper of Makhleb the Destroyer
  6637 | D:6      | Reached skill level 7 in Short Blades
  6842 | D:6      | Noticed removeelyvilon's ghost (novice DrTm)
  7261 | D:5      | Reached skill level 8 in Short Blades
  7640 | D:7      | Reached * piety under Makhleb
  8026 | D:8      | Found Agebrolu's Magic Scroll Shop.
  8029 | D:8      | Bought a scroll of identify for 32 gold pieces
  8029 | D:8      | Bought a scroll of random uselessness for 16 gold pieces
  8029 | D:8      | Bought a scroll of identify for 32 gold pieces
  8083 | D:8      | Found Othreheip's Magic Scroll Boutique.
  8158 | D:8      | Reached skill level 10 in Stealth
  8158 | D:8      | Reached XP level 10. HP: 49/63 MP: 7/10
  8188 | D:8      | Learned a level 3 spell: Confuse
  8205 | D:8      | Found Ecock's Distillery.
  8213 | D:8      | Bought a potion of curing for 48 gold pieces
  8231 | D:8      | Reached skill level 9 in Short Blades
  8231 | D:8      | Reached skill level 1 in Spellcasting
  8231 | D:8      | Reached skill level 1 in Hexes
  8375 | D:8      | Found Gosevix's Magic Scroll Shop.
  8462 | D:8      | Found Sazeq's Food Emporium.
  8716 | D:8      | Identified a +0 rod of clouds (10/10) (You found it on level 8 of the Dungeon)
  8939 | D:9      | Reached ** piety under Makhleb
  8960 | D:9      | Found Fipeofo's Food Emporium.
  9031 | D:9      | Reached skill level 10 in Short Blades
  9118 | D:9      | Found Perof's Antique Weapon Shoppe.
  9568 | D:9      | Noticed a komodo dragon
  9585 | D:9      | Killed a komodo dragon
  9621 | D:9      | Reached skill level 5 in Hexes
  9621 | D:9      | Reached XP level 11. HP: 30/66 MP: 6/18
  9667 | D:9      | Reached skill level 11 in Short Blades
  9711 | D:9      | Found a staircase to the Lair.
  9821 | D:9      | Reached skill level 5 in Spellcasting
  9892 | D:10     | Entered Level 10 of the Dungeon
  9895 | D:10     | Reached *** piety under Makhleb
  9951 | D:10     | Noticed a hill giant
  9959 | D:10     | Killed a hill giant
 10240 | D:10     | Reached **** piety under Makhleb
 10442 | D:10     | Found Yleuzyc's Antique Weapon Shop.
 10557 | Lair:1   | Entered Level 1 of the Lair of Beasts
 11749 | Lair:2   | Slain by a komodo dragon

Vault maps used:
D:1:      eino_arrival_water_cross
D:2:      first_bread
D:4:      kennysheep_goblin_castle, serial_shops,
          nicolae_shop_overgrown_old_shop, st_stairs_7
D:5:      serial_shops, shop
D:8:      serial_shops, kennysheep_mini, nicolae_shop_stone, nicolae_shop_trees,
          shop, nicolae_shop_waterfront
D:9:      erik_lair_dragon, serial_undead, serial_undead_f, serial_undead_f,
          serial_undead_c, serial_undead_c, serial_shops, shop,
          nicolae_shop_waterfront, blue_anna_alchemist
D:10:     special_room, serial_shops, shop_statue
Temple:   minmay_crystal_snake_temple
Lair:2:   bh_autumn_forest_stairs, grunt_megastairs_2, lemuel_fruit_tree

Skill      XL: |  1  2  3  4  5  6  7  8  9 10 11 |
---------------+----------------------------------+-----
Dodging        | 2 3 4 5 7 |  7.2
Short Blades   | 3 4 5 6 8 10 11 | 11.0
Stealth        | 6 7 10 | 10.0
Throwing       | 3 4 5 |  5.1
Fighting       | 3 4 5 7 8 |  8.4
Armour         | 1 2 4 |  4.2
Spellcasting   | 4 6 |  6.4
Hexes          | 5 6 |  6.6

Action                   |  1- 3 |  4- 6 |  7- 9 | 10-12 || total
-------------------------+-------+-------+-------+-------++-------
Melee: Dagger            |    40 |   166 |   433 |   395 ||  1034
       Short sword       |    59 |   107 |   123 |       ||   289
 Fire: Blowgun           |     4 |     9 |       |       ||    13
Throw: Stone             |       |    14 |    33 |     1 ||    48
 Cast: Confuse           |       |       |       |     3 ||     3
Evoke: Wand              |       |       |     2 |       ||     2
  Use: Scroll            |       |     9 |     7 |     2 ||    18
       Potion            |       |       |     4 |       ||     4
 Stab: Sleeping          |     3 |     7 |    13 |    33 ||    56
       Distracted        |     1 |     1 |     2 |     3 ||     7
  Eat: Chunk             |    10 |     7 |    15 |    11 ||    43
Armor: Robe              |     8 |    27 |       |       ||    35
       Leather armour    |       |    12 |    69 |    35 ||   116
Dodge: Dodged            |    44 |   162 |   278 |   157 ||   641
